 Dungeon Crawl Stone Soup version 0.28.0 (webtiles) character file.

Game seed: 6253365789108663224

208 HallandMoats the Skirmisher (level 5, -2/33 HPs)
             Began as a Gargoyle Monk on Feb 6, 2022.
             Slain by Blork the orc (10 damage)
             ... on level 4 of the Dungeon.
             The game lasted 00:07:28 (5003 turns).

HallandMoats the Skirmisher (Gargoyle Monk)         Turns: 5003, Time: 00:07:29

Health: -2/33      AC: 10    Str: 16    XL:     5   Next: 86%
Magic:  6/6        EV: 10    Int: 11    God:
Gold:   107        SH:  0    Dex: 12    Spells: 4/4 levels left

rFire   . . .      SeeInvis .   a - +0 spear
rCold   . . .      Faith    .   (no shield)
rNeg    + . .      Spirit   .   e - +0 scale mail
rPois   ∞          Reflect  .   (no helmet)
rElec   +          Harm     .   (no cloak)
rCorr   .          Rampage  .   (no gloves)
Will    .....                   (no boots)
Stlth   +.........              (no amulet)
HPRegen 0.11/turn               (no ring)
MPRegen 0.10/turn               (no ring)

@: no status effects
A: sickness immunity, AC +4, negative energy resistance 1, electricity
resistance, torment resistance 1, petrification resistance
a: no special abilities


You were on level 4 of the Dungeon.
You visited 1 branch of the dungeon, and saw 4 of its levels.

You collected 107 gold pieces.

Inventory:

Hand Weapons
 a - a +0 spear (weapon)
 b - a +2 dagger of venom
Armour
 e - a +0 scale mail (worn)
Wands
 j - a wand of mindburst (12)
 k - a wand of polymorph (5)
Potions
 h - a potion of cancellation {unknown}
 i - a potion of curing
 l - a potion of magic {unknown}


   Skills:
 * Level 4.1 Fighting
 * Level 3.3 Polearms
 * Level 2.4 Armour
 * Level 3.3 Dodging
 - Level 2.1 Stealth
 + Level 1.2 Shields
 * Level 2.0 Invocations


You had 4 spell levels left.
You didn't know any spells.
Your spell library contained the following spells:

 Spells                   Type           Power      Damage    Failure   Level
 Corpse Rot               Necr/Air       0%         N/A       88%         2
 Dispel Undead            Necr           0%         3d6       100%        4
 Death Channel            Necr           0%         N/A       100%        6


Dungeon Overview and Level Annotations

Branches:
Dungeon (4/15)
 Temple: D:4-7

Altars:
Dithmenos
Elyvilon
Vehumet
The Shining One

Annotations:
D:3 Fractals's ghost, amateur KoGl
D:4 Blork the orc


Innate Abilities, Weirdness & Mutations

You are immune to sickness and miasma.
Your stone body is resilient. (AC +4)
You are immune to poison.
You resist negative energy. (rN+)
You are resistant to electric shocks. (rElec)
You are resistant to unholy torment.
You are immune to petrification.


Message History

Blork the orc casts a spell.
Blork the orc seems to speed up.
You reach to attack!
You hit Blork the orc.
Blork the orc is heavily wounded.
Blork the orc hits you from afar with a +0 trident.
You are too injured to fight recklessly!
You are too injured to fight recklessly!
You are too injured to fight recklessly!
You are too injured to fight recklessly!
You are too injured to fight recklessly!
You are too injured to fight recklessly!
You are too injured to fight recklessly!
You are too injured to fight recklessly!
You are too injured to fight recklessly!
You are too injured to fight recklessly!
Blork the orc looks satisfied for a moment.
Blork the orc points at you and mumbles some strange words.
The puff of frost hits you. Blork the orc barely misses you.
Blork the orc gestures at you while chanting.
The puff of frost misses you.
Blork the orc points at you and mumbles some strange words.
The magic dart hits you.
* * * LOW HITPOINT WARNING * * *
A giant cockroach comes into view.
Blork the orc hits you but does no damage.
Blork the orc screams, "I'll make a cloak from your skin!"
The giant cockroach bites you.
* * * LOW HITPOINT WARNING * * *
Blork the orc closely misses you.
The giant cockroach bites you but does no damage.
The giant cockroach completely misses you.
Blork the orc barely misses you.
Blork the orc screams, "I'm going to kill you!"
The giant cockroach barely misses you.
Blork the orc hits you from afar with a +0 trident.
* * * LOW HITPOINT WARNING * * *
The giant cockroach barely misses you.
Blork the orc hits you from afar with a +0 trident!
You die...

##.##.# #.# ......# #?#
#... #.# #.... #.#
##....########.########
.......................
#....#.#######.#######
### #.#####.....)#####
#.##...B@........#
#.##.............#
#o##..o.##..##...#
#.##..##.#.## ..#
#.....##.....# .#
####...#.....#
#...+.._.....
#..##.....##.
#..#........


You could see Blork the orc (fast) and a giant cockroach.

Vanquished Creatures
  3 orc wizards
  2 adders
  A white imp (D:4)
  A worm (D:2)
  2 dart slugs
  11 orcs
  5 endoplasms
  5 giant cockroaches
  4 goblins
  11 hobgoblins
  10 kobolds
  2 quokkas (D:1)
  10 ball pythons
  8 bats
  3 frilled lizards
  A goblin skeleton (D:4)
  A goblin zombie (D:4)
  2 hobgoblin zombies (D:4)
  A kobold skeleton (D:4)
  A kobold zombie (D:4)
  2 orc skeletons (D:4)
  2 orc zombies (D:4)
  6 rats
94 creatures vanquished.

Vanquished Creatures (others)
  7 plants (D:3)
7 creatures vanquished.

Grand Total: 101 creatures vanquished

Notes
Turn   | Place    | Note
-------+----------+-------------------------------------------
     0 | D:1      | HallandMoats the Gargoyle Monk began the quest for the Orb.
     0 | D:1      | Reached XP level 1. HP: 14/14 MP: 1/1
   123 | D:1      | Reached XP level 2. HP: 19/19 MP: 2/2
   271 | D:1      | You fall into a shaft and drop 1 floor!
   519 | D:1      | Reached skill level 1 in Invocations
   532 | D:1      | Reached XP level 3. HP: 10/23 MP: 3/3
   809 | D:1      | Reached skill level 1 in Armour
  1264 | D:2      | Identified the +1 leather armour "Nonluec" {Int+2}
  1556 | D:2      | Found a shadowy altar of Dithmenos.
  1785 | D:2      | Reached XP level 4. HP: 29/29 MP: 4/4
  2585 | D:3      | Found a radiant altar of Vehumet.
  2629 | D:3      | Reached XP level 5. HP: 29/33 MP: 6/6
  2849 | D:3      | Found a white marble altar of Elyvilon.
  2971 | D:3      | Noticed Fractals's ghost (amateur KoGl)
  2974 | D:3      | Found a runed translucent door.
  3287 | D:3      | HP: 1/33 [something/puff of flame (6)]
  3765 | D:2      | Reached skill level 4 in Fighting
  4056 | D:3      | Reached skill level 1 in Shields
  4739 | D:4      | Found a glowing golden altar of the Shining One.
  4966 | D:4      | Noticed Blork the orc
  5003 | D:4      | Slain by Blork the orc

Illustrated notes

Levels and vault maps discovered:
D:1:      minmay_arrival_solitary_statue, layout_rooms, minmay_small_reverse_x
D:2:      layout_loops_ring, basic_altar, minmay_pentomino_x2
D:3:      layout_rooms, mainiacjoe_overflow_24_doors,
          mainiacjoe_overflow_small_starburst, hellmonk_ghost_happy_afterlife,
          serial_bayou, serial_bayou_ford_a, serial_bayou_pond_a,
          serial_bayou_shore_b, serial_bayou_pond_a, serial_bayou_pond_e,
          minivault_11, minmay_crystal_room, minivault_14
D:4:      layout_basic, nicolae_tso_besieged_by_evil, uniq_blork_the_orc

Skill      XL: |  1  2  3  4  5 |
---------------+----------------+-----
Invocations    | 1 2 |  2.0
Armour         | 1 2 |  2.4
Polearms       | 3 |  3.3
Dodging        | 3 |  3.3
Fighting       | 4 |  4.1
Shields        | 1 |  1.2
Stealth        | |  2.1

Action                   |  1- 3 |  4- 6 || total
-------------------------+-------+-------++-------
Melee: Spear             |   196 |   284 ||   480
       Punch             |     4 |     2 ||     6
  Use: Scroll            |       |     4 ||     4
       Potion            |       |     2 ||     2
 Stab: Sleeping          |     9 |       ||     9
       Distracted        |     1 |       ||     1
Armor: Robe              |    25 |       ||    25
       Leather armour    |    16 |       ||    16
       Scale mail        |     5 |   138 ||   143
Dodge: Dodged            |    97 |   127 ||   224
